 Dungeon Crawl Stone Soup version 0.31-a0-609-g7bf6ffcfed (webtiles) character file.

Game seed: 13367651724657312202

61 cforsyth the Charlatan (level 4, -4/34 HPs)
             Began as a Gnoll Artificer on Aug 21, 2023.
             Slain by a gnoll
             ... wielding a +0 halberd
              (7 damage)
             ... on level 3 of the Dungeon.
             The game lasted 00:02:23 (1697 turns).

cforsyth the Charlatan (Gnoll Artificer)            Turns: 1697, Time: 00:02:23

Health: -4/34      AC:  3    Str: 11    XL:     4   Next: 7%
Magic:  5/5        EV: 11    Int: 13    God:
Gold:   57         SH:  4    Dex: 12    Spells: 5/5 levels left

rFire   . . .        a - +0 club
rCold   . . .        i - +0 buckler
rNeg    . . .        b - +0 leather armour
rPois   .            (no helmet)
rElec   .            (no cloak)
rCorr   .            (no gloves)
SInv    .            (no boots)
Will    .....        (no amulet)
Stlth   ++           (no ring)
HPRegen 0.25/turn    (no ring)
MPRegen 0.09/turn

%: no passive effects
@: no status effects
A: fangs 1, strong nose, distributed training
a: no special abilities


You were on level 3 of the Dungeon.
You visited 1 branch of the dungeon, and saw 3 of its levels.

You collected 57 gold pieces.

Inventory:

Hand Weapons
 a - a +0 club (weapon)
Missiles
 p - 6 silver javelins
Armour
 b - a +0 leather armour (worn)
 i - a +0 buckler (worn)
Wands
 c - a wand of flame (12) (quivered)
 d - a wand of charming (26)
 e - a wand of iceblast (5)
Scrolls
 f - 2 scrolls of identify {unknown}
 j - a scroll of poison {unknown}
 l - a scroll of enchant weapon {unknown}
 n - a scroll of fog {unknown}
Potions
 g - a potion of haste {unknown}
 h - a potion of resistance {unknown}
 k - 2 potions of curing {unknown}
 m - a potion of brilliance {unknown}
 o - a potion of degeneration {unknown}
 q - a potion of heal wounds {unknown}


   Skills:
 + Level 2.7 Fighting
 + Level 1.0 Short Blades
 + Level 1.0 Long Blades
 + Level 1.0 Axes
 + Level 1.0 Maces & Flails
 + Level 1.0 Polearms
 + Level 1.0 Staves
 + Level 1.0 Ranged Weapons
 + Level 1.0 Throwing
 + Level 4.6 Armour
 + Level 2.7 Dodging
 + Level 2.5 Stealth
 + Level 1.0 Shields
 + Level 1.0 Unarmed Combat
 + Level 1.0 Spellcasting
 + Level 0.8 Conjurations
 + Level 0.8 Hexes
 + Level 0.8 Summonings
 + Level 0.8 Necromancy
 + Level 0.8 Translocations
 + Level 0.8 Transmutations
 + Level 0.8 Fire Magic
 + Level 0.8 Ice Magic
 + Level 0.8 Air Magic
 + Level 0.8 Earth Magic
 + Level 0.8 Poison Magic
 + Level 1.1 Invocations
 + Level 6.6 Evocations
 + Level 0.8 Shapeshifting


You had 5 spell levels left.
You didn't know any spells.
Your spell library contained the following spells:

 Spells                   Type           Power      Damage    Failure   Level
 Cigotuvi's Dreadful Rot  Necr/Pois/Air  4%         N/A       50%         2
 Ignite Poison            Fire/Tmut/Pois 2%         N/A       75%         3
 Freezing Cloud           Conj/Ice/Air   1%         6-21      100%        5


Dungeon Overview and Level Annotations

Branches:
Dungeon (3/15)

Altars:


Innate Abilities, Weirdness & Mutations

You have very sharp teeth.
Your uncanny sense of smell can sniff out nearby items.
Your experience applies equally to all skills.


Message History

The bat barely misses you. x2
You closely miss the bat. Your bite misses the bat.
The bat hits you but does no damage. x2; You block the bat's attack.
You miss the bat. The bat closely misses you.
The bat hits you but does no damage. The bat closely misses you.
You closely miss the bat. You block the bat's attack.
You hit the bat.
You kill the bat!
No target in view!
No target in view!
No target in view!
No target in view!
No target in view!
No target in view!
No target in view!
No target in view!
You open the door.
There is an open door here.
You open the door.
There is an open door here.
Found a stone staircase leading down. 2 gnolls come into view.
The gnoll shouts!
A gnoll comes into view. It is wielding a +0 flail.
A gnoll comes into view. It is wielding a +0 club.
The gnoll shouts!
The gnoll hits you with a +0 whip! The gnoll barely misses you.
There is an open door, spattered with blood here.
The gnoll shouts!
You hit the gnoll. You bite the gnoll, but do no damage.
The gnoll is moderately wounded.
The gnoll barely misses you. You block the gnoll's attack.
The gnoll hits you but does no damage. You block the gnoll's attack.
You barely miss the gnoll.
The gnoll is moderately wounded.
The gnoll hits you with a +0 whip! The gnoll hits you with a +0 halberd!
Ouch! That really hurt!
* * * LOW HITPOINT WARNING * * *
The gnoll hits you from afar with a +0 halberd!
You die...

#.......# #.#.#####.##.#
###.# .........#
#.#'#####.##.# ###
.#.......###............#
#.........#.........####
#########.#.........#
#.#..g......#
#####.#.ggg.....#
#.....#.#'#######
#.#####.#@# ∆
#.#####.#.#####
#.##..........# .
##'##......###.# ..
#...#......#
...###...####.###
........####.#
.###......##.###
#......#....# ..


You could see 4 gnolls.

Vanquished Creatures
  An adder (D:2)
  A gnoll (D:2)
  2 worms
  A dart slug (D:2)
  2 ball pythons (D:2)
  5 bats
  2 endoplasms (D:2)
  2 hobgoblins
  5 jackals (D:2)
  A quokka (D:3)
  A goblin (D:1)
  3 kobolds (D:2)
  2 rats (D:1)
28 creatures vanquished.

Vanquished Creatures (collateral kills)
  An endoplasm (D:2)
  A goblin (D:2)
  A ball python (D:2)
  2 frilled lizards (D:2)
5 creatures vanquished.

Vanquished Creatures (others)
  An adder (D:2)
1 creature vanquished.

Grand Total: 34 creatures vanquished

Notes
Turn   | Place    | Note
-------+----------+-------------------------------------------
     0 | D:1      | cforsyth the Gnoll Artificer began the quest for the Orb.
     0 | D:1      | Reached XP level 1. HP: 17/17 MP: 1/1
   488 | D:2      | Reached XP level 2. HP: 19/23 MP: 2/2
   527 | D:2      | Reached XP level 3. HP: 19/28 MP: 3/3
   694 | D:2      | Reached skill level 1 in Invocations
   822 | D:2      | Reached skill level 1 in Short Blades
   822 | D:2      | Reached skill level 1 in Long Blades
   822 | D:2      | Reached skill level 1 in Axes
   822 | D:2      | Reached skill level 1 in Maces & Flails
   822 | D:2      | Reached skill level 1 in Polearms
   822 | D:2      | Reached skill level 1 in Staves
   822 | D:2      | Reached skill level 1 in Ranged Weapons
   822 | D:2      | Reached skill level 1 in Throwing
   822 | D:2      | Reached skill level 1 in Shields
   822 | D:2      | Reached skill level 1 in Unarmed Combat
   822 | D:2      | Reached skill level 1 in Spellcasting
  1457 | D:3      | Reached XP level 4. HP: 20/34 MP: 5/5
  1697 | D:3      | Slain by a gnoll

Illustrated notes

Levels and vault maps discovered:
D:1:      dpeg_arrival_pits, layout_rooms
D:2:      minmay_recursive_quarters, layout_rooms
D:3:      layout_basic, tso_metal_star, hellmonk_ecumenical_altar_watching_god,
          roderic_batcave

Skill      XL: |  1  2  3 |
---------------+----------+-----
Invocations    | 1 |  1.1
Short Blades   | 1 |  1.0
Long Blades    | 1 |  1.0
Axes           | 1 |  1.0
Maces & Flails | 1 |  1.0
Polearms       | 1 |  1.0
Staves         | 1 |  1.0
Ranged Weapons | 1 |  1.0
Throwing       | 1 |  1.0
Shields        | 1 |  1.0
Unarmed Combat | 1 |  1.0
Spellcasting   | 1 |  1.0
Fighting       | |  2.7
Armour         | |  4.6
Dodging        | |  2.7
Stealth        | |  2.5
Conjurations   | |  0.8
Hexes          | |  0.8
Summonings     | |  0.8
Necromancy     | |  0.8
Translocations | |  0.8
Transmutations | |  0.8
Fire Magic     | |  0.8
Ice Magic      | |  0.8
Air Magic      | |  0.8
Earth Magic    | |  0.8
Poison Magic   | |  0.8
Evocations     | |  6.6
Shapeshifting  | |  0.8

Action                     |  1- 3 |  4- 6 || total
---------------------------+-------+-------++-------
  Melee: Club              |   150 |    10 ||   160
         Bite              |    25 |     1 ||    26
  Evoke: Wand              |     4 |       ||     4
   Stab: Sleeping          |     4 |     1 ||     5
 Armour: Leather armour    |    49 |     6 ||    55
  Dodge: Dodged            |   109 |     8 ||   117
  Block: Buckler           |    26 |     4 ||    30

Table legend: (Time is in decaauts)
 A = Elapsed time spent in this place.
 B = Non-inter-level travel time spent in this place.
 C = Inter-level travel time spent in this place.
 D = Time resting spent in this place.
 E = Time spent auto-exploring this place.
 F = Levels seen in this place.
 G = Mean time per level.
                   A        B        C        D        E       F      G
               +--------+--------+--------+--------+--------+-----+--------+
         Total |   1750 |   1705 |     45 |     81 |   1170 |   3 |  583.3 |
       Dungeon |   1750 |   1705 |     45 |     81 |   1170 |   3 |  583.3 |
               +--------+--------+--------+--------+--------+-----+--------+

Top non-repeatable levels by time:
     D:2: 995 daAuts
     D:1: 432 daAuts
     D:3: 323 daAuts
